 Dungeon Crawl Stone Soup version 0.31-a0-521-gc7390f8997 (webtiles) character file.

Game seed: 1652033459040103671

103 Gelion the Changeling (level 4, -3/29 HPs)
             Began as an Octopode Shapeshifter on Aug 11, 2023.
             Splashed by a jelly's acid (4 damage)
             ... on level 4 of the Dungeon.
             The game lasted 00:04:05 (2575 turns).

Gelion the Changeling (Octopode Shapeshifter)       Turns: 2575, Time: 00:04:06

Health: -3/29      AC: -3    Str: 14    XL:     4   Next: 79%
Magic:  4/4        EV: 13    Int: 10    God:
Gold:   244        SH:  0    Dex: 14    Spells: 3/3 levels left

rFire   . .          .
                       - Unarmed
rCold   . . .        (no shield)
rNeg    . . .        (helmet currently unavailable)
rPois   .            (no amulet)
rElec   .            (no ring)
rCorr   .            (no ring)
SInv    .            (no ring)
Will    .....        (no ring)
Stlth   ++           (no ring)
HPRegen 0.24/turn    (no ring)
MPRegen 0.09/turn    (no ring)
                     (no ring)

%: no passive effects
@: beast-form, corroded
A: beast (slay +2), almost no armour, amphibious, 8 rings, camouflage 1,
gelatinous body 1, (nimble swimmer 1), tentacles
a: Begin Untransformation


You were on level 4 of the Dungeon.
You were a hulking beast.
You visited 1 branch of the dungeon, and saw 4 of its levels.

You collected 244 gold pieces.

Inventory:

Armour
 f - the +3 hat of Vexation {rPois}
   (You acquired it on level 2 of the Dungeon)

   rPois:     It protects you from poison
Talismans
 b - a beast talisman (active)
 c - a flux talisman
Wands
 o - a wand of paralysis (5)
Scrolls
 h - 2 scrolls of identify
 k - a scroll of poison {unknown}
 m - a scroll of enchant weapon {unknown}
 n - a scroll of revelation
 q - a scroll of torment {unknown}
Potions
 a - a potion of lignification
 d - 2 potions of mutation
 e - a potion of curing {unknown}
 g - a potion of attraction
 i - a potion of brilliance {unknown}
 j - a potion of invisibility {unknown}
 l - a potion of ambrosia {unknown}
 p - a potion of resistance {unknown}


   Skills:
 + Level 2.2 Fighting
 - Level 2.0 Dodging
 + Level 3.6 Unarmed Combat
 * Level 4.0 Shapeshifting


You had 3 spell levels left.
You didn't know any spells.
Your spell library contained the following spells:

 Spells                   Type           Power      Damage    Failure   Level
 Necrotise                Necr           0%         1d4       36%         1
 Summon Small Mammal      Summ           0%         N/A       36%         1
 Call Canine Familiar     Summ           0%         N/A       75%         3
 Summon Guardian Golem    Hex/Summ       0%         N/A       75%         3
 Vampiric Draining        Necr           0%         2d6       75%         3
 Agony                    Necr           0%         N/A       100%        5


Dungeon Overview and Level Annotations

Branches:
Dungeon (4/15)
 Temple: D:4-7

Altars:
Ashenzari
Cheibriados
Nemelex Xobeh
Ru
Vehumet
Xom

Shops:
D:1 *

Annotations:
D:3 2 transporters, randomguy2701's ghost, amateur DENe


Innate Abilities, Weirdness & Mutations

You are a hulking beast.
Your limbs bulge with bestial killing power. (Slay +2)
You cannot wear most types of armour.
You are amphibious.
You can wear up to eight rings at the same time.
Your skin changes colour to match your surroundings (Stealth+).
Your rubbery body absorbs attacks. (AC +1, EV +1)
((You are camouflaged when in or above water. (Stealth+)))
You have tentacles for arms and can constrict up to eight enemies at once.


Message History

An adder comes into view.
Found 10 gold pieces.
The ball python hisses angrily.
The ball python bites you. The ball python closely misses you.
The ball python bites you but does no damage.
The ball python grabs you. The ball python constricts you.
You tentacle-slap the ball python.
You kill the ball python!
The adder barely misses you.
You tentacle-slap the adder. You grab the adder. You squeeze the adder.
The adder is severely wounded.
You constrict the adder. The adder bites you.
You tentacle-slap the adder.
You kill the adder!
No target in view!
No target in view!
You now have 244 gold pieces (gained 10).
Found a stone staircase leading down.
Found a robe.
Found a robe.
No target in view!
No target in view!
No target in view!
p - a cyan potion No target in view!
No target in view!
q - a scroll labelled LENIONO TEIH You see here a +0 robe.
A jelly comes into view.
The jelly quivers.
The jelly jiggles.
The jelly hits you.
You are splashed with acid!
You bludgeon the jelly!
Your tentacles burn!
The jelly is heavily wounded.
The jelly hits you. The acid corrodes you!
You are splashed with acid!
* * * LOW HITPOINT WARNING * * *
You are too injured to fight recklessly!
You are too injured to fight recklessly!
You tentacle-slap the jelly.
Your tentacles burn!
You die...

######## #######
#......######.......
#......#............
#[.....#....hJ......
#......#.....#######
#............####
#......#.........
#................
#.................
#.......>..####### .
#[.......#.#######.
#......#.#........


You could see a jelly.

Vanquished Creatures
  3 gnolls (D:4)
  2 adders
  A worm (D:3)
  A dart slug (D:3)
  6 orcs (D:3)
  6 bats
  3 giant cockroaches (D:1)
  2 hobgoblins
  A quokka (D:1)
  6 ball pythons
  5 frilled lizards
  5 goblins
  5 kobolds
  2 rats
48 creatures vanquished.

Notes
Turn   | Place    | Note
-------+----------+-------------------------------------------
     0 | D:1      | Gelion the Octopode Shapeshifter began the quest for the
                  | Orb.
     0 | D:1      | Reached XP level 1. HP: 13/13 MP: 1/1
    32 | D:1      | Found Hiec's Assorted Antiques.
    89 | D:1      | Reached XP level 2. HP: 15/18 MP: 2/2
   973 | D:2      | Found a sacrificial altar of Ru.
  1548 | D:2      | Identified a scroll of acquirement
  1548 | D:2      | Acquired the +3 hat of Vexation {rPois}
  1584 | D:3      | Reached XP level 3. HP: 19/23 MP: 3/3
  1794 | D:3      | Found a shimmering altar of Xom.
  1800 | D:3      | Found a radiant altar of Vehumet.
  1803 | D:3      | Found a sparkling altar of Nemelex Xobeh.
  1805 | D:3      | Found a snail-covered altar of Cheibriados.
  1806 | D:3      | Found a broken altar of Ashenzari.
  2104 | D:3      | Reached XP level 4. HP: 29/29 MP: 4/4
  2260 | D:3      | Found a transporter.
  2263 | D:3      | Noticed randomguy2701's ghost (amateur DENe)
  2265 | D:3      | Found a transporter.
  2266 | D:3      | Noticed an ogre
  2267 | D:3      | Identified the +3 great mace "Xyrchung" {flame, rF+ rN+}
  2267 | D:3      | Noticed an ogre
  2469 | D:4      | Reached skill level 4 in Shapeshifting
  2574 | D:4      | HP: 1/29 [acid (9)]
  2575 | D:4      | Splashed by a jelly's acid

Illustrated notes

Levels and vault maps discovered:
D:1:      wheals_arrival_shading, layout_basic, serial_shops, shop,
          serial_forest, infiniplex_forest_lined_corner,
          infiniplex_forest_lined_3, infiniplex_forest_corner_1,
          infiniplex_forest_clump_small, dreamdust_wishing_well
D:2:      layout_basic, basic_altar
D:3:      layout_basic, grunt_temple_overflow_open, gammafunk_ghost_smash,
          minmay_splitting_lines
D:4:      layout_basic, grunt_dithmenos_smoke_and_mirrors, uniq_grinder

Skill      XL: |  1  2  3  4 |
---------------+-------------+-----
Fighting       | 2 |  2.2
Shapeshifting  | 4 |  4.0
Dodging        | |  2.0
Unarmed Combat | |  3.6

Action                     |  1- 3 |  4- 6 || total
---------------------------+-------+-------++-------
  Melee: Unarmed           |    74 |    15 ||    89
         Constrict         |    23 |     5 ||    28
         Tentacles         |    14 |     3 ||    17
         Punch             |     1 |       ||     1
    Use: Scroll            |     7 |       ||     7
   Stab: Sleeping          |    11 |     1 ||    12
         Distracted        |     1 |       ||     1
 Armour: Skin              |     5 |     1 ||     6
  Dodge: Dodged            |    28 |     8 ||    36

Table legend: (Time is in decaauts)
 A = Elapsed time spent in this place.
 B = Non-inter-level travel time spent in this place.
 C = Inter-level travel time spent in this place.
 D = Time resting spent in this place.
 E = Time spent auto-exploring this place.
 F = Levels seen in this place.
 G = Mean time per level.
                   A        B        C        D        E       F      G
               +--------+--------+--------+--------+--------+-----+--------+
         Total |   2569 |   2448 |    121 |      0 |   2116 |   4 |  642.2 |
       Dungeon |   2569 |   2448 |    121 |      0 |   2116 |   4 |  642.2 |
               +--------+--------+--------+--------+--------+-----+--------+

Top non-repeatable levels by time:
     D:1: 961 daAuts
     D:3: 873 daAuts
     D:2: 615 daAuts
     D:4: 119 daAuts
